[Event "*** Titled Tuesday 3|2 Blitz"]
[Site "Chess.com"]
[Date "2016.05.03"]
[Round "2"]
[White "davidarenas1224"]
[Black "Quiet_Desperation"]
[Result "1-0"]
[WhiteElo "2177"]
[BlackElo "2269"]
[TimeControl "180+2"]
[EndTime "17:20:01 PDT"]
[Termination "davidarenas1224 won by resignation"]

1. e4 Nc6 2. d4 d5 3. exd5 Qxd5 4. Nf3 e5 5. dxe5 Qxd1+ 6. Kxd1 Bg4 7. Be2 O-O-O+ 8.
Nbd2 Nge7 9. c3 Ng6 10. h3 Bxf3 11. Bxf3 Ngxe5 12. Be2 Nd3 13. Bxd3 Rxd3 14. Kc2 Rd7 15. Nb3 Bd6 16. Be3 Re8 17. Rhe1 Rde7 18. Bd2 Re2 19.
Kd3 Rxe1 20. Rxe1 Rxe1 21. Bxe1 Ne5+ 22. Kc2 Kd7 23. Nd4 g6 24. b3 a6 25. c4 Nc6 26. Nf3 f6 27. g4 Ke6 28. Kd3 Nb4+ 29. Bxb4 Bxb4 30. Nd4+ Kd6 31. f4 Be1 32. Ke4 Bd2 33.
f5 Bc3 34. Ne6 b5 35. Nf8 Kc5 36. cxb5 axb5 37. Nxh7 gxf5+ 38. gxf5 Kb4 39. h4 Ka3 40. h5 Bd2 41. Nxf6 Kxa2 42. Kd3 Bg5 43. Ne4 Bh6 44. Kc2 Ka3 45. f6 Kb4 46. f7 c5 47. Nf6 c4 48. bxc4 Kxc4 49. Ng4 Bf8 50. h6 b4 51. h7 b3+ 52. Kb1 Bg7 53. f8=Q 1-0

[Event "*** Titled Tuesday 3|2 Blitz"]
[Site "Chess.com"]
[Date "2016.05.03"]
[Round "2"]
[White "gmjoey1"]
[Black "ChrisTool2"]
[Result "1-0"]
[WhiteElo "2532"]
[BlackElo "2220"]
[TimeControl "180+2"]
[EndTime "17:20:07 PDT"]
[Termination "gmjoey1 won by resignation"]

1. e4 c5 2. c3 Nf6 3. e5 Nd5 4. d4 cxd4 5. cxd4 e6 6. Bc4 d6 7.
Nf3 Nc6 8. O-O dxe5 9. dxe5 Be7 10. Qe2 Nb6 11. Bd3 Nb4 12. Be4 O-O 13. Nc3 a6 14. Rd1 Qc7 15. Bf4 Bd7 16. a3 Nc6 17. Rac1 Rac8 18. h4 Rfd8 19. h5 h6 20. Bb1 Nd5 21.
Nxd5 exd5 22. Qd3 Kf8 23. Qh7 Ke8 24. Qxg7 Bf8 25. Qh8 Bg4 26. Bxh6 Qe7 27. Bg5 Qe6 28. Bxd8 Bxf3 29. gxf3 Rxd8 30. f4 Qg4+ 31. Kf1 Qh3+ 32. Ke1 Qh1+ 33. Ke2 Qh3 34. Rc3 Qg4+ 35. Rf3 d4 36.
Bd3 Ne7 37. Qf6 Nd5 38. Qf5 Qh4 39. Rg1 Ne7 40. Qg4 Rc8 41. Qxh4 1-0

[Event "*** Titled Tuesday 3|2 Blitz"]
[Site "Chess.com"]
[Date "2016.05.03"]
[Round "2"]
[White "ZEN-22"]
[Black "vinceyoung15"]
[Result "1-0"]
[WhiteElo "2405"]
[BlackElo "2214"]
[TimeControl "180+2"]
[EndTime "17:20:20 PDT"]
[Termination "ZEN-22 won on time"]

1. d3 d5 2. g3 e6 3. Bg2 Nf6 4. Nf3 Be7 5. c4 O-O 6. O-O b6 7. Nc3 Bb7 8. cxd5 Nxd5 9. Bd2 Nd7 10. Rc1 c5 11. a3 N7f6 12. Nxd5 Qxd5 13. b4 Rfd8 14.
Bc3 cxb4 15. axb4 Qb5 16. Qb3 a5 17. Rfd1 axb4 18. Nd4 Qd7 19. Bxb7 Qxb7 20. Bb2 Rac8 21. e4 Ng4 22. Rxc8 Qxc8 23. Rc1 Bc5 24. h3 Ne5 25. Kg2 Qa6 26. Qc2 Nxd3 27. Ra1 Qb7 28. Qxd3 e5 29. Qc4 Bxd4 30. Qxb4 Qxe4+ 31. Kh2 Qe2 32. Bxd4 exd4 33. Qxd4 Qe8 34. Qxb6 h6 35. h4 Rd2 36. Rf1 Qe2 37.
Kg1 Rb2 38. Qd8+ Kh7 39. Qd4 Rd2 40. Qa7 Rc2 41. Qxf7 Qd3 42. Qf4 Rc4 43. Qe5 Qg6 44. h5 Qg4 45. Qd5 Rf4 46. Re1 Rf5 47. Qd3 Qxh5 48. Re5 g6 49. Re7+ Kg8 50. Qd8+ Rf8 51. Qd7 1-0

[Event "*** Titled Tuesday 3|2 Blitz"]
[Site "Chess.com"]
[Date "2016.05.03"]
[Round "2"]
[White "jeaston1"]
[Black "Assasin14"]
[Result "1/2-1/2"]
[WhiteElo "2001"]
[BlackElo "2032"]
[TimeControl "180+2"]
[EndTime "17:20:28 PDT"]
[Termination "Game drawn by repetition"]

1. d4 Nf6 2. c4 e6 3. Nc3 d5 4.
cxd5 exd5 5. Bg5 c6 6. e3 Be7 7.
Bd3 O-O 8. Nge2 Nbd7 9. O-O Re8 10. Qc2 Nf8 11. f3 Ng6 12. Kh1 Bd6 13. e4 Be7 14. e5 Nd7 15. Bxe7 Qxe7 16. f4 f6 17. Bxg6 hxg6 18. Qxg6 Nf8 19. Qg3 Bf5 20. Rae1 Ng6 21. Ng1 Kf7 22. Nf3 Rh8 23. exf6 Qxf6 24. Ne5+ Kf8 25.
Nxg6+ Qxg6 26. Qxg6 Bxg6 27. f5 Bf7 28. Ne2 Re8 29. Nf4 Rxe1 30. Rxe1 Rh4 31. g3 Rh6 32. Kg2 Rf6 33. g4 b6 34. Kg3 c5 35. dxc5 bxc5 36. Re5 Rd6 37. Kf3 c4 38. Ke3 d4+ 39. Kd2 Rh6 40. h3 Ra6 41. a3 Rb6 42. Kc2 d3+ 43. Kc1 d2+ 44. Kxd2 Rxb2+ 45. Kc1 Ra2 46. Rc5 Rxa3 47.
Rc8+ Ke7 48. Rc7+ Kf6 49. g5+ Kxg5 50. Rxf7 Kxf4 51. Rxg7 Kxf5 52. Rc7 Ra4 53. Kc2 Ke5 54. Kc3 Kd5 55. Rd7+ Kc6 56. Rd8 a5 57. Rc8+ Kd5 58. Rd8+ Ke4 59. Rd4+ Ke5 60. Rxc4 Ra3+ 61. Kb2 Rxh3 62. Rc5+ Kd4 63. Rxa5 Rh2+ 64. Kb3 Rh3+ 65. Kb2 Rh2+ 66. Kb3 Rh3+ 67. Kb2 1/2-1/2

[Event "*** Titled Tuesday 3|2 Blitz"]
[Site "Chess.com"]
[Date "2016.05.03"]
[Round "2"]
[White "chessking2151"]
[Black "RamonManon0g"]
[Result "1-0"]
[WhiteElo "2305"]
[BlackElo "2266"]
[TimeControl "180+2"]
[EndTime "17:20:42 PDT"]
[Termination "chessking2151 won by resignation"]

1. e4 c5 2. c3 d5 3. exd5 Qxd5 4. d4 Nf6 5. Nf3 Bg4 6. Be2 cxd4 7. cxd4 Nc6 8. Nc3 Qd8 9. O-O e6 10. h3 Bh5 11. Be3 Be7 12. Rc1 O-O 13. a3 Rc8 14.
Qb3 b6 15. Rfd1 Na5 16. Qa2 h6 17. d5 exd5 18. Nxd5 Nxd5 19. Rxd5 Rxc1+ 20. Bxc1 Qc7 21. Be3 Bg6 22. b4 Nb7 23. Qd2 Bf6 24. Rd7 Qc6 25. b5 Qe4 26. Bd3 Qa4 27. Bxg6 Na5 28. Bf5 Qxb5 29. Qd3 Nc4 30. Bh7+ Kh8 31. Be4 a5 32. Rd5 Qa4 33. Qc2 Qxc2 34. Bxc2 Nxa3 35. Ba4 Rb8 36.
Bf4 Rb7 37. Nd4 Bxd4 38. Rxd4 b5 39. Bd6 b4 40. Bb3 Ra7 41. Bc5 Rc7 42. Rd8+ Kh7 43. Bb6 Rc1+ 44. Kh2 Rc3 45. Ba4 b3 46. Bd4 Rd3 47.
Bxb3 Rc3 48. Bxc3 Nb5 49. Bxa5 Na7 50. Bc2+ g6 51. Bc3 f6 52. Bxf6 1-0

[Event "*** Titled Tuesday 3|2 Blitz"]
[Site "Chess.com"]
[Date "2016.05.03"]
[Round "2"]
[White "brauliocuarta"]
[Black "chess960now"]
[Result "0-1"]
[WhiteElo "2119"]
[BlackElo "2012"]
[TimeControl "180+2"]
[EndTime "17:20:43 PDT"]
[Termination "chess960now won by resignation"]

1. d4 Nf6 2. c4 c5 3. d5 b5 4.
Qc2 g6 5. e4 d6 6. cxb5 a6 7.
a4 Bg7 8. Nc3 O-O 9. Nf3 e6 10.
dxe6 Bxe6 11. Be2 axb5 12. Bxb5 Na6 13. O-O Nb4 14. Qe2 d5 15. e5 Nd7 16. Bg5 Qc7 17. Be7 Rfe8 18. Bd6 Qb6 19. h3 f6 20.
Rfe1 fxe5 21. Bxe5 Nxe5 22. Bxe8 Nxf3+ 23. Qxf3 Rxe8 24.
a5 Qa6 25. Re2 Rf8 26. Qe3 Bf7 27. Qd2 d4 28. Ne4 c4 29. Qxb4 c3 30. Rae1 d3 31.
Re3 d2 32. Rf1 Qxf1+ 33. Kxf1 d1=Q+ 34. Re1 c2 35. Nc3 Qxe1+ 36. Kxe1 c1=Q+ 37. Nd1 Re8+ 0-1

[Event "*** Titled Tuesday 3|2 Blitz"]
[Site "Chess.com"]
[Date "2016.05.03"]
[Round "2"]
[White "Boryboy"]
[Black "zanbato17"]
[Result "1-0"]
[WhiteElo "2537"]
[BlackElo "2201"]
[TimeControl "180+2"]
[EndTime "17:21:04 PDT"]
[Termination "Boryboy won by checkmate"]

1. d4 d5 2. Nf3 Nf6 3. c4 e6 4. g3 Be7 5. Bg2 O-O 6. O-O Nbd7 7. Qc2 b6 8. Ne5 Bb7 9. Nc3 c5 10. Nxd7 Qxd7 11. dxc5 Bxc5 12. Rd1 Rfd8 13. e3 Qe7 14.
cxd5 exd5 15. Ne2 Rac8 16. Qa4 a5 17. Nd4 Ne4 18. Qb5 Qf6 19. Qe2 h5 20. Bd2 h4 21.
Be1 hxg3 22. hxg3 Ra8 23. Rac1 Ba6 24. Qg4 Re8 25. Qf4 Qxf4 26. gxf4 Rac8 27. Nf5 g6 28.
Nd4 Bxd4 29. Rxc8 Rxc8 30. exd4 Rc2 31. Bxe4 dxe4 32. Bc3 b5 33. d5 Bc8 34. d6 Bd7 35. a3 b4 36. axb4 axb4 37. Bf6 Kf8 38. Ra1 Ke8 39.
Ra8+ Rc8 40. Ra5 Rc6 41. Re5+ Be6 42. Rxe4 Rxd6 43. Rxb4 Bd5 44. Be5 Rc6 45. Rd4 Bf3 46. Kh2 Ke7 47. Kg3 Bh5 48. Rb4 Ke6 49. Bc3 Rd6 50.
Bd4 Kf5 51. Be3 Ke6 52. Rb8 Rc6 53. b4 Rc2 54. b5 Rb2 55. b6 Be2 56. Re8+ Kd7 57.
Rf8 Bc4 58. Ra8 Kc6 59. Kh4 Be6 60. Kg5 Rb5+ 61. Kf6 Rf5+ 62. Ke7 Rb5 63. Ra7 Bd5 64.
Rc7# 1-0

[Event "*** Titled Tuesday 3|2 Blitz"]
[Site "Chess.com"]
[Date "2016.05.03"]
[Round "2"]
[White "bugsbunny444"]
[Black "Newlight1"]
[Result "0-1"]
[WhiteElo "2384"]
[BlackElo "2243"]
[TimeControl "180+2"]
[EndTime "17:21:10 PDT"]
[Termination "Newlight1 won on time"]

1. Nf3 c5 2. c4 Nc6 3. d4 cxd4 4. Nxd4 Nf6 5. g3 e5 6. Nb5 d6 7. Bg2 a6 8. N5c3 Be7 9. O-O O-O 10. b3 Bf5 11.
Be3 Rc8 12. Nd5 Nxd5 13. Bxd5 Nb4 14. Nc3 Nc2 15. Rc1 Nxe3 16. fxe3 Bh3 17. Bg2 Bxg2 18. Kxg2 Bg5 19. Qd3 f5 20. Rcd1 e4 21. Qxd6 Qxd6 22. Rxd6 Bxe3 23. Nd5 Bg5 24. h4 Bd8 25. a4 Rf7 26. h5 Bg5 27. Re6 h6 28. g4 fxg4 29.
Rxf7 Kxf7 30. Rxe4 g6 31. hxg6+ Kxg6 32. Rxg4 Re8 33.
Kf3 Rf8+ 34. Ke4 Re8+ 35. Kd3 h5 36. Re4 Rh8 37. Re6+ Kf5 38. Rb6 h4 39. e4+ Kg4 40. Rg6 h3 41. Nf6+ Kh4 0-1

[Event "*** Titled Tuesday 3|2 Blitz"]
[Site "Chess.com"]
[Date "2016.05.03"]
[Round "2"]
[White "Aguiar94"]
[Black "SabinaFoisor"]
[Result "1/2-1/2"]
[WhiteElo "2393"]
[BlackElo "2192"]
[TimeControl "180+2"]
[EndTime "17:21:20 PDT"]
[Termination "Game drawn by agreement"]

1. e4 e5 2. Nf3 Nc6 3. d4 exd4 4. Nxd4 Nf6 5. Nxc6 bxc6 6. e5 Qe7 7. Qe2 Nd5 8.
Nd2 a5 9. g3 Ba6 10. c4 Nb6 11. Bg2 Qe6 12. b3 Bb4 13. Bb2 O-O 14. O-O a4 15. Rad1 f6 16. Nf3 Rae8 17. Qc2 axb3 18. axb3 fxe5 19. Nxe5 Bd6 20. Rfe1 Qh6 21. c5 Bxe5 22.
Bxe5 Nd5 23. Bxd5+ cxd5 24. Bxc7 Bb7 25. Bd6 Rxe1+ 26.
Rxe1 Ra8 27. Qf5 Bc6 28. b4 Qg6 29. Qf3 d4 30. Qb3+ Qf7 31. Qxf7+ Kxf7 32. f4 Ra4 33. Rb1 Bb5 34. Kf2 Ra2+ 35. Kf3 d3 36. Rd1 Rxh2 37. f5 Rc2 38. Ke3 g6 39. fxg6+ hxg6 40. Rd2 Rc4 41.
Rf2+ Ke6 42. Bf8 Rc2 43. Rd2 Rxd2 44. Kxd2 Kd5 45. Be7 Kc4 46. Bd6 Bc6 47. Bf8 Be4 48. Be7 Bc6 49. Bd6 Bb5 50. Bf8 Bc6 51. Be7 Bb5 1/2-1/2

[Event "*** Titled Tuesday 3|2 Blitz"]
[Site "Chess.com"]
[Date "2016.05.03"]
[Round "2"]
[White "GeorgMeier"]
[Black "E-Shaposhnikov"]
[Result "1/2-1/2"]
[WhiteElo "2749"]
[BlackElo "2457"]
[TimeControl "180+2"]
[EndTime "17:21:22 PDT"]
[Termination "Game drawn by repetition"]

1. Nf3 c5 2. g3 Nc6 3. c4 g6 4.
Nc3 Bg7 5. Bg2 e6 6. e3 Nge7 7. d4 cxd4 8. Nxd4 O-O 9. O-O d5 10. cxd5 Nxd5 11. Nxd5 exd5 12. Re1 Nxd4 13. exd4 Be6 14.
Qb3 Bxd4 15. Bh6 Qf6 16. Re2 Rfc8 17. h4 Bb6 18. Bxd5 Bxd5 19. Qxd5 Re8 20. Bg5 Qd4 21. Qxd4 Bxd4 22. Rae1 Rxe2 23. Rxe2 f6 24. Bf4 Rc8 25. Rd2 Bb6 26. Kg2 Rd8 27. Rc2 Kf7 28. Kf3 h5 29. Be3 Bxe3 30. Rc7+ Ke6 31. Kxe3 Rd7 32. Rxd7 Kxd7 33.
Ke4 Ke6 34. f3 g5 35. f4 gxh4 36. gxh4 f5+ 37. Kd4 Kd6 38. Kc4 Kc6 39. a4 a5 40.
b3 b6 41. b4 axb4 42. Kxb4 Kc7 43. Kb3 Kd6 44. Kc4 Kc6 45. Kb4 Kc7 46. Kb5 Kb7 47. Kc4 Kc6 48. Kb4 Kc7 49. Kc3 Kd7 50.
Kd3 Kc7 51. Ke3 Kc6 52. Kd4 Kd6 53. Kc4 Kc6 54. Kb4 1/2-1/2

[Event "*** Titled Tuesday 3|2 Blitz"]
[Site "Chess.com"]
[Date "2016.05.03"]
[Round "2"]
[White "EltajSafarli"]
[Black "Beca95"]
[Result "1-0"]
[WhiteElo "2661"]
[BlackElo "2542"]
[TimeControl "180+2"]
[EndTime "17:21:32 PDT"]
[Termination "EltajSafarli won by resignation"]

1. e4 d5 2. exd5 Qxd5 3. Nc3 Qd6 4. g3 Nf6 5. Bg2 c6 6. Nge2 g6 7. O-O Bg7 8. Rb1 O-O 9. b4 a6 10. a4 Nbd7 11. b5 axb5 12. axb5 c5 13. d3 Nb6 14. Bf4 e5 15. Bg5 h6 16. Bxf6 Qxf6 17. Ne4 Qe7 18.
N2c3 Rd8 19. Qe2 f5 20. Nd2 e4 21. Nd1 Qd6 22. Nb3 Be6 23. Re1 c4 24. Nc1 exd3 25.
cxd3 Bf7 26. Bf1 Re8 27. Ne3 c3 28. Qd1 Rac8 29. Re2 Nd5 30. Nc2 f4 31. Rxe8+ Rxe8 32. Bg2 g5 33. Nb3 Nb6 34. Bxb7 Na4 35. Qf3 Nb2 36.
Nc1 Re7 37. Bc6 fxg3 38. hxg3 Be6 39. Ra1 Rf7 40. Ra8+ Bf8 41. Qe2 Bd5 42. Ra6 Bxc6 43. Rxc6 Qd5 44. Rxc3 Qxb5 45. Rb3 Qf5 46. Rxb2 Re7 47.
Ne3 Qe5 48. Rb6 Qd4 49. Qa2+ Kh7 50. Re6 Rc7 51. Ne2 Qxd3 52. Re8 Qd6 53. Qe6 Qxe6 54. Rxe6 Rf7 55. Kg2 Bg7 56. g4 Bh8 57. Ng3 Bg7 58.
Nh5 Rd7 59. Nf5 Bh8 60. Rxh6+ Kg8 61. Nf6+ Kf7 62. Nxd7 1-0

[Event "*** Titled Tuesday 3|2 Blitz"]
[Site "Chess.com"]
[Date "2016.05.03"]
[Round "2"]
[White "MinhGTrAn"]
[Black "jcibarra"]
[Result "0-1"]
[WhiteElo "2611"]
[BlackElo "2570"]
[TimeControl "180+2"]
[EndTime "17:21:56 PDT"]
[Termination "jcibarra won on time"]

1. d4 Nf6 2. c4 d6 3. Nc3 Bf5 4. Nf3 g6 5. Qb3 b6 6. g3 Bg7 7. Bg2 Nc6 8. O-O O-O 9. Nh4 Bd7 10. Qd1 Rb8 11. b3 a6 12. a4 Nb4 13. Bb2 c5 14.
Nf3 Bf5 15. Rc1 Qd7 16. Re1 Bh6 17. e4 Bxc1 18. Bxc1 Bh3 19. Bh1 Rfd8 20. Qd2 Bg4 21. d5 e5 22. dxe6 fxe6 23. Bb2 e5 24. Ng5 Nc6 25.
Nd5 Rf8 26. h3 Be6 27. f4 Nd4 28. Bxd4 cxd4 29. Bg2 Nh5 30. Kh2 b5 31. cxb5 axb5 32. a5 exf4 33. g4 Bxd5 34. exd5 Ng7 35. Ne6 Rf7 36. Qxd4 f3 37. Bf1 Re8 38. a6 Qc8 39.
Ra1 Nxe6 40. dxe6 Rxe6 41. a7 Qa8 42. Bxb5 d5 43. Qf2 Rf8 44. Qc5 f2 45. Rf1 Qb7 46.
Bd3 Ree8 47. Rxf2 Rxf2+ 48. Qxf2 Ra8 49. Qf6 Qxa7 50. Bb5 Qf7 51. Qe5 Rf8 0-1

[Event "*** Titled Tuesday 3|2 Blitz"]
[Site "Chess.com"]
[Date "2016.05.03"]
[Round "2"]
[White "viktorskliarov"]
[Black "Lying-Ted"]
[Result "1-0"]
[WhiteElo "2451"]
[BlackElo "2244"]
[TimeControl "180+2"]
[EndTime "17:21:58 PDT"]
[Termination "viktorskliarov won by checkmate"]

1. e4 e6 2. d4 d5 3. e5 c5 4.
c3 Nc6 5. Nf3 cxd4 6. cxd4 Nge7 7. Bd3 Nf5 8. Bxf5 exf5 9. O-O Be7 10. Be3 Be6 11. Ne1 h6 12. f4 O-O 13. Nd3 Rc8 14. Nc3 Qb6 15. Na4 Qa5 16. Nac5 b6 17. Bd2 Qb5 18. a4 Qc4 19. Nxe6 fxe6 20. Be3 Nxd4 21.
Rc1 Nc2 22. Bf2 Qb3 23. Ne1 Qxb2 24. Rxc2 Rxc2 25. Qxc2 Qxc2 26. Nxc2 Bc5 27. Bxc5 bxc5 28. Rb1 g5 29. g3 d4 30. Kf2 Rd8 31. Na3 d3 32.
Ke3 Rd4 33. Nb5 Rxa4 34. Kxd3 Ra2 35. h4 gxf4 36. gxf4 Rf2 37. Ke3 Rh2 38. Nxa7 Rxh4 39. Rc1 Rh3+ 40. Kf2 Ra3 41. Nb5 Ra4 42. Kf3 Rb4 43.
Rxc5 h5 44. Nd6 h4 45. Rc1 Rb3+ 46. Ke2 Rb4 47. Ke3 Rb3+ 48. Ke2 Rb4 49. Rc8+ Kh7 50. Nf7 Rxf4 51. Ng5+ Kh6 52. Nxe6 Re4+ 53. Kf3 Rxe5 54. Rh8+ Kg6 55. Nf4+ Kg7 56. Rxh4 Ra5 57. Rh5 Kf6 58. Rh6+ Ke5 59. Re6+ Kd4 60. Ne2+ Kd5 61. Re8 Ra3+ 62. Kf4 Ra1 63. Kxf5 Kd6 64. Nf4 Kd7 65. Re2 Ra5+ 66. Kf6 Ra1 67. Rd2+ Kc6 68. Ke5 Re1+ 69. Ne2 Rh1 70. Rc2+ Kb5 71. Nd4+ Kb6 72. Kd6 Rh6+ 73. Ne6 Rh1 74. Rb2+ Ka5 75. Kc6 Rc1+ 76. Nc5 Rh1 77. Rb5# 1-0

[Event "*** Titled Tuesday 3|2 Blitz"]
[Site "Chess.com"]
[Date "2016.05.03"]
[Round "2"]
[White "Zazuliak"]
[Black "asms9699"]
[Result "0-1"]
[WhiteElo "2370"]
[BlackElo "2366"]
[TimeControl "180+2"]
[EndTime "17:22:04 PDT"]
[Termination "asms9699 won by resignation"]

1. d4 d5 2. c4 c6 3. Nc3 Nf6 4. Nf3 a6 5. c5 Bf5 6. Bf4 Nbd7 7. h3 g6 8. e3 Bg7 9. Be2 Be4 10. O-O Bxf3 11.
Bxf3 O-O 12. b4 Re8 13. Re1 e5 14. Bg3 exd4 15. exd4 Nf8 16. Qd2 Ne6 17. Be5 Nd7 18. Bxg7 Kxg7 19. Bg4 f5 20. Bf3 Qf6 21. Red1 Re7 22. a4 Rae8 23. b5 axb5 24. axb5 Ng5 25. Qf4 Ne6 26. Qd2 Ng5 27. Qd3 Ne4 28. bxc6 bxc6 29.
Bxe4 fxe4 30. Qe3 Rf7 31. Ra6 Re6 32. Rb1 Nxc5 33. dxc5 d4 34. Nxe4 dxe3 35. Nxf6 exf2+ 36. Kxf2 Rfxf6+ 37. Kg1 Re5 38. Rc1 Re2 39. Ra3 Rff2 40. Rg3 Rc2 41. Rxc2 Rxc2 42. Rg5 Kf6 43. h4 h6 44. Rg3 Rxc5 45. Rf3+ Rf5 46. Rd3 Ke6 47. Rd8 c5 48. Rg8 Rf6 49. Rc8 Kd5 50. Rd8+ Rd6 51.
Rc8 Rf6 52. g3 c4 53. Rd8+ Ke4 54. Kg2 c3 55. Rc8 Kd3 56. Rd8+ Ke2 57. Re8+ Kd2 58.
Rd8+ Kc1 59. g4 c2 60. Kg3 Rb6 61. Kf4 Kb2 62. Rc8 c1=Q+ 63. Rxc1 Kxc1 0-1

[Event "*** Titled Tuesday 3|2 Blitz"]
[Site "Chess.com"]
[Date "2016.05.03"]
[Round "2"]
[White "GM_Huschenbeth"]
[Black "howitzer14"]
[Result "1-0"]
[WhiteElo "2439"]
[BlackElo "2219"]
[TimeControl "180+2"]
[EndTime "17:22:06 PDT"]
[Termination "GM_Huschenbeth won by resignation"]

1. e4 e5 2. Nc3 Nf6 3. g3 d5 4.
exd5 Nxd5 5. Bg2 Nxc3 6. bxc3 Bd6 7. Nf3 O-O 8. O-O Nc6 9. d4 h6 10. Re1 Qf6 11. Rb1 Rb8 12. d5 Na5 13. Qe2 Re8 14.
Bd2 b6 15. c4 Nb7 16. Bc3 Bg4 17. Qe3 Bxf3 18. Bxf3 Bc5 19. Qe2 Nd6 20. Bg2 Qg6 21.
Qd3 e4 22. Qe2 e3 23. f3 Nf5 24. Bh3 Nd4 25. Bxd4 Bxd4 26. Bd7 Re7 27. Bc6 Rd8 28.
Kg2 Bc5 29. Qd3 Qf6 30. Re2 g6 31. a4 a5 32. h4 Kg7 33. h5 g5 34. Rbe1 Rd6 35.
Rf1 Rxc6 36. dxc6 Qxc6 37. Qd5 Qxa4 38. f4 Qd7 39. Qa8 Qg4 40. Qf3 Qxf3+ 41. Kxf3 f5 42.
g4 fxg4+ 43. Kxg4 Re4 44. Kf5 Rxc4 45. fxg5 hxg5 46. Kxg5 Be7+ 47. Kf5 Bc5 48. Kg5 Be7+ 49. Kf5 Bc5 50. Rg1+ Kh7 51. Reg2 Bf8 52. Rg8 Rc5+ 53.
Kf6 Bh6 54. Re8 Rxh5 55. Re7+ Kh8 56. Re8+ Kh7 57. Re7+ Kh8 58. Kg6 Bf8 59. Re8 Rh6+ 60. Kf7 Kh7 61. Rxf8 1-0

[Event "*** Titled Tuesday 3|2 Blitz"]
[Site "Chess.com"]
[Date "2016.05.03"]
[Round "2"]
[White "AlexanderL"]
[Black "platy3"]
[Result "1/2-1/2"]
[WhiteElo "2548"]
[BlackElo "2656"]
[TimeControl "180+2"]
[EndTime "17:22:24 PDT"]
[Termination "Game drawn by agreement"]

1. d4 Nf6 2. Bg5 Ne4 3. Bf4 c5 4. d5 g6 5. f3 Nf6 6. e4 d6 7. c4 Bg7 8. Nc3 O-O 9. Bd3 Na6 10. Nge2 Nc7 11. O-O Nh5 12. Be3 e5 13. g4 Nf6 14.
Ng3 Nfe8 15. Kg2 b6 16. a3 Bf6 17. Qd2 Rb8 18. b4 Bd7 19. Bh6 Ng7 20. h4 Nce8 21. Rh1 Be7 22. h5 g5 23. Rhb1 f6 24. a4 cxb4 25.
Rxb4 Nc7 26. Rb2 Na6 27. Nb5 Ra8 28. a5 Nc5 29. axb6 axb6 30. Rxa8 Qxa8 31. Ra2 Qb8 32. Bc2 Rf7 33. Qb4 Ne8 34. Qa3 Bxb5 35. cxb5 Bd8 36.
Qa8 Rb7 37. Nf5 Kf7 38. Qxb8 Rxb8 39. Ra7+ Rb7 40. Ra8 Bc7 41. Kf2 Bb8 42. Ke2 Nd7 43. Kd2 Ra7 44. Rxa7 Bxa7 45. Kc3 Bb8 46. Kc4 Nc5 47.
Kc3 Nb7 48. Kc4 Bc7 49. Bd1 Bd8 50. Bc2 Nc7 51. Bd1 Be7 52. Bc2 Ke8 53. Bg7 Kd7 54.
Nh6 Ne8 55. Bh8 Nd8 56. Nf5 Nf7 57. Bg7 Bd8 58. Bd1 Nc7 59. Bc2 Ne8 60. Bd1 Kc8 61.
Bc2 Kc7 62. Bd1 Kd7 63. Bc2 Nc7 64. Bd1 Ne8 1/2-1/2

[Event "*** Titled Tuesday 3|2 Blitz"]
[Site "Chess.com"]
[Date "2016.05.03"]
[Round "2"]
[White "AkshatChandra"]
[Black "Mischuk_D"]
[Result "1-0"]
[WhiteElo "2726"]
[BlackElo "2436"]
[TimeControl "180+2"]
[EndTime "17:22:31 PDT"]
[Termination "AkshatChandra won on time"]

1. e4 e6 2. d4 d5 3. Nd2 c5 4. exd5 exd5 5. Ngf3 Nc6 6. Bb5 Qe7+ 7. Be2 Nf6 8. O-O Qc7 9. Re1 Be7 10. dxc5 Bxc5 11. Nb3 Be7 12. Bg5 O-O 13. Bh4 Bg4 14. Nfd4 Bxe2 15.
Rxe2 Rfe8 16. Nf5 Qf4 17. Nxe7+ Nxe7 18. Qd4 Qxd4 19. Nxd4 Nc6 20. Bxf6 gxf6 21. Rxe8+ Rxe8 22. Nxc6 bxc6 23. Kf1 Kf8 24. Rd1 Rb8 25. b3 Ke7 26. Rd3 Kf8 27. Rc3 Rb6 28. Ke2 a5 29. a4 Ke7 30.
Rh3 c5 31. Kd3 c4+ 32. bxc4 dxc4+ 33. Kxc4 Rb4+ 34. Kc3 Rxa4 35. Rxh7 Re4 36. Kd3 Rf4 37. f3 Rf5 38. Rh8 Rd5+ 39. Kc3 Re5 40. h4 Re2 41. Rg8 Re1 42. h5 Rh1 43. Rh8 Rh2 44. h6 Rxg2 45. h7 Rh2 46. Kb3 f5 47. c4 Rh1 48. Ka4 Kf6 49. Kxa5 Kg7 50. Rg8+ Kxh7 51. Rg5 f4 52. Rf5 Kg6 53. Rxf4 f5 54. Rd4 Kg5 55. c5 Rc1 56. Kb5 Rc3 57. c6 Rxf3 58. c7 Rb3+ 59. Rb4 Rc3 60. Rc4 Rb3+ 61. Ka4 Ra3+ 62. Kxa3 1-0

[Event "*** Titled Tuesday 3|2 Blitz"]
[Site "Chess.com"]
[Date "2016.05.03"]
[Round "2"]
[White "Dr-Bassem"]
[Black "Kacparov"]
[Result "1-0"]
[WhiteElo "2575"]
[BlackElo "2573"]
[TimeControl "180+2"]
[EndTime "17:22:36 PDT"]
[Termination "Dr-Bassem won by resignation"]

1. e4 c5 2. Nf3 e6 3. d3 d5 4.
Nbd2 Nc6 5. g3 Nf6 6. Bg2 g6 7. O-O Bg7 8. Re1 O-O 9. c3 b6 10. e5 Nd7 11. d4 cxd4 12. cxd4 Ba6 13. Nb1 Na5 14. Nc3 b5 15. h4 b4 16. Ne2 h6 17.
b3 Rc8 18. Be3 Qb6 19. Qd2 Kh7 20. Nh2 Nc6 21. Ng4 h5 22. Nh2 Qb5 23. Nf4 Ne7 24. Bf1 Qb7 25. Bxa6 Qxa6 26. Qxb4 Nf5 27. Nf3 Rc2 28.
Rec1 Rfc8 29. Rxc2 Rxc2 30. a4 Bf8 31. Qb5 Qc8 32. Re1 a6 33. Qd3 Rc3 34. Qd1 Qb7 35. Ng5+ Kg8 36. Nxh5 Qxb3 37. Qxb3 Rxb3 38. Nf6+ Nxf6 39.
exf6 Rb4 40. Nf3 Rxa4 41. g4 Nd6 42. Rb1 Ne4 43. g5 Rb4 44. Rc1 Rc4 45. Rb1 Bd6 46. Rb6 a5 47. Ra6 a4 48. Kg2 a3 49. Ne5 Bxe5 50. dxe5 d4 51. Bf4 Rc3 52. Ra8+ Kh7 53. Ra7 Rc2 54. Rxf7+ Kg8 55. Rg7+ Kf8 56. Kf3 a2 57.
Ra7 Nc3 58. h5 Nb5 59. Ra8+ Kf7 60. h6 Rc3+ 61. Kg2 Rc8 62. Rxc8 a1=Q 63. h7 Qb1 64. Rf8+ 1-0

[Event "*** Titled Tuesday 3|2 Blitz"]
[Site "Chess.com"]
[Date "2016.05.03"]
[Round "2"]
[White "Penguininja"]
[Black "TheLancer"]
[Result "0-1"]
[WhiteElo "2203"]
[BlackElo "2469"]
[TimeControl "180+2"]
[EndTime "17:23:13 PDT"]
[Termination "TheLancer won by resignation"]

1. d4 c5 2. d5 e5 3. c4 d6 4. Nc3 Be7 5. Qc2 Nf6 6. e3 Nbd7 7. Bd3 Nf8 8. b3 Ng6 9. Bb2 O-O 10. h4 Re8 11. h5 Nf8 12. f3 a6 13. g4 h6 14. a4 Rb8 15. Nh3 N8h7 16. O-O-O Bd7 17.
Bf5 Qa5 18. f4 Bxf5 19. Qxf5 exf4 20. exf4 Bf8 21. g5 Nxh5 22. g6 fxg6 23. Qxg6 Re3 24.
Rd3 Rbe8 25. Rhd1 Rxd3 26. Qxd3 N7f6 27. Rg1 Qb4 28. Na2 Qa5 29. Bc3 Qd8 30. Kc2 Qe7 31. Nc1 Qe4 32. Re1 Qxd3+ 33. Nxd3 Rxe1 34. Bxe1 Ne4 35.
Bh4 Kf7 36. b4 b6 37. bxc5 bxc5 38. f5 Be7 39. Be1 Kf6 40. Bh4+ Kf7 41. Be1 Ng5 42.
Nhf4 Nxf4 43. Nxf4 Bf6 44. Ne6 Nf3 45. Bf2 Be5 46.
Kd3 Kf6 47. Nc7 Kxf5 48. Nxa6 g5 49. Nc7 Bf6 50. Ne6 Ne5+ 51. Ke2 Nxc4 52. Be1 Ke5 53. Nc7 g4 54. Bc3+ Kf5 55. Be1 h5 56. a5 h4 57. a6 g3 58. a7 Nb6 59. Nb5 Be5 60.
Kf3 h3 61. Bxg3 h2 62. Bxh2 Bxh2 63. Nc7 Ke5 64. a8=Q Nxa8 65. Nxa8 Kxd5 66. Nb6+ Kc6 67. Nc4 d5 68. Nd2 Be5 69. Ke2 c4 70. Nf3 Bf6 71. Kd2 Kc5 72. Kc2 d4 73. Nd2 d3+ 74. Kd1 Kd4 75.
Nf3+ Ke3 76. Nd2 c3 77. Nc4+ Kd4 78. Na3 Bg5 79. Nb5+ Kc4 80. Nd6+ Kb3 0-1

[Event "*** Titled Tuesday 3|2 Blitz"]
[Site "Chess.com"]
[Date "2016.05.03"]
[Round "2"]
[White "KNVB"]
[Black "MbMaster"]
[Result "1-0"]
[WhiteElo "2563"]
[BlackElo "2211"]
[TimeControl "180+2"]
[EndTime "17:23:20 PDT"]
[Termination "KNVB won by checkmate"]

1. d4 Nf6 2. Nf3 d5 3. Bf4 c5 4. c3 cxd4 5. cxd4 Nc6 6. Nc3 Bf5 7. e3 e6 8. Qb3 Bb4 9. Bb5 Bxc3+ 10. Qxc3 O-O 11. O-O Rc8 12. Qa3 a6 13. Be2 Ne4 14. Rfc1 Qa5 15. Qxa5 Nxa5 16. Ng5 Nxg5 17. Bxg5 f6 18.
Bf4 Nc4 19. b3 Nb6 20. Bc7 Nd7 21. Bd6 Rfe8 22. g4 Bg6 23. f3 Nb6 24. Bc7 Nd7 25.
Kf2 e5 26. h4 exd4 27. exd4 Bf7 28. h5 Nf8 29. Bf4 Ne6 30. Be3 Red8 31. Bd3 Be8 32. a4 Bd7 33. Ke2 Rxc1 34. Rxc1 Rc8 35. Rb1 h6 36. Kd2 Kf7 37. Be2 Ng5 38. Ra1 Be6 39.
b4 Bd7 40. b5 a5 41. b6 Rc6 42. Bb5 Rd6 43. Bf4 Nxf3+ 44. Ke3 Rxb6 45. Kxf3 Bxb5 46. axb5 Rxb5 47. Rc1 Rb3+ 48. Be3 a4 49. Rc5 Ke6 50.
Ra5 b5 51. Kf4 a3 52. Bd2 b4 53. Ra4 Rd3 54. Bxb4 Rxd4+ 55. Kf3 a2 56. Ra6+ Kf7 57. Bc5 Rc4 58. Be3 Rc2 59. Bd4 Rd2 60. Ke3 Rg2 61. Kf3 Rd2 62. Be3 Rb2 63. Bc5 Rc2 64. Ra7+ Ke6 65. Bf8 d4 66. Bxg7 d3 67. Bxh6 Rh2 68. Be3 d2 69. Bxd2 Rxd2 70. Ra6+ Kf7 71. Ke3 Rh2 72.
Kf4 Kg7 73. Ra7+ Kh6 74. Ra6 Rf2+ 75. Kg3 Rb2 76. Rxf6+ Kg5 77. Rg6# 1-0